 Dungeon Crawl Stone Soup version 0.19.1 (webtiles) character file.

105 Drake the Conjurer (level 4, -1/25 HPs)
             Began as a Deep Elf Conjurer on May 22, 2017.
             Killed from afar by Drake's ghost (7 damage)
             ... with a magic dart
             ... on level 3 of the Dungeon.
             The game lasted 00:12:36 (2517 turns).

Drake the Conjurer (Deep Elf Conjurer)              Turns: 2517, Time: 00:12:37

Health: -1/25      AC:  4    Str:  6    XL:     4   Next: 53%
Magic:  0/12       EV: 13    Int: 20    God:
Gold:   165        SH:  0    Dex: 15    Spells: 2 memorised, 6 levels left

rFire  x . .     SeeInvis .     d - +1 hand axe
rCold  + . .     Gourm    .     p - +0 leather armour
rNeg   . . .     Faith    .     (no shield)
rPois  +         Spirit   .     (no helmet)
rElec  .         Reflect  .     i - +0 cloak
rCorr  .         Harm     .     (no gloves)
MR     .....                    (no boots)
Stlth  +.........               (no amulet)
                                q - ring of poison resistance
                                a - ring of ice

@: very slightly contaminated
A: no striking features
a: no special abilities


You were on level 3 of the Dungeon.
You were hungry.

You visited 1 branch of the dungeon, and saw 3 of its levels.

You collected 165 gold pieces.

Inventory:

Hand Weapons
 d - a +1 hand axe (weapon)
Missiles
 f - 4 tomahawks (quivered)
Armour
 i - a +0 cloak (worn)
 j - a cursed +0 ring mail
 p - a +0 leather armour (worn)
Jewellery
 a - a ring of ice (left hand)
 q - a ring of poison resistance (right hand)
Scrolls
 e - a scroll of amnesia
Potions
 c - a potion of curing
 o - a potion of cure mutation
Books
 b - a book of Conjurations

   Spells                             Type                      Level
   a - Magic Dart                     Conjuration                  1
   b - Searing Ray                    Conjuration                  2
   c - Dazzling Spray                 Conjuration/Hexes            3
   d - Fulminant Prism                Conjuration/Hexes            4
   e - Iskenderun's Mystic Blast      Conjuration                  4
   f - Iskenderun's Battlesphere      Conjuration/Charms           5
Comestibles
 g - a meat ration
 h - 2 bread rations


   Skills:
 + Level 1.1 Fighting
 + Level 3.8 Dodging
 - Level 2.4 Stealth
 + Level 4.3 Spellcasting
 + Level 4.9 Conjurations


You had 6 spell levels left.
You knew the following spells:

 Your Spells              Type           Power        Failure   Level  Hunger
a - Magic Dart            Conj           ###.         2%          1    None
b - Iskenderun's Mystic   Conj           ###.....     24%         4    ####...


Dungeon Overview and Level Annotations

Branches:
Dungeon (3/15)

Altars:
Vehumet

Annotations:
D:3 Drake's ghost, amateur DECj


Message History

Drake's ghost gestures at you while chanting.
The magic dart hits you!
Drake's ghost lets out a mournful wail.
You enter the shallow water.
Moving in this stuff is going to be slow.
Drake's ghost casts a spell at you. The magic dart hits you!
Drake's ghost gestures at you while chanting.
The magic dart hits you!
* * * LOW HITPOINT WARNING * * *
Casting: Magic Dart
Confirm with . or Enter, or press ? or * to list all spells.
Aiming: Magic Dart
Press: ? - help, Shift-Dir - straight line, f/p - Drake's ghost
Aim: Drake's ghost (moderately damaged)
The magic dart hits Drake's ghost.
Drake's ghost is heavily damaged.
Drake's ghost points at you and mumbles some strange words.
The magic dart hits you!
You die...

*,,* *,,,,,*
#...#..#..####...### **,*
********#.........# *...# *,*
*#.).##..#### *...#
*,********#.###.#..# *,..#
*,,,,,,,,..** *#...## *,,,*
*,***,,*#.** ##.#.## ***,**
*,,,*,,*#,* #.#..# *,,,*
*,*,*,,**,**#######.## *,***
*,,,,,,**,,##≈≈@≈W##.# **,*****
***,,,,,,,*#≈#####.#≈#**,,,,,,*
****,,,,,#≈#*≈*#≈#≈#,,,,,,*,*
******#.#≈*≈#.#≈#,,,,*,*,**
#≈#≈*∩#≈#.#,,,,,,,,,,
#≈#≈**#.#≈#,,,,,,*,**
#†#≈,≈≈##≈#,*,**,*,**
#≈#######≈#,,,,,,,,**
##≈≈≈≈≈≈≈##***,,,,,**


You could see Drake's ghost.

Vanquished Creatures
  4 adders
  A worm (D:2)
  3 dart slugs
  7 leopard geckos
  2 giant cockroaches (D:2)
  9 hobgoblins
  6 jackals
  6 kobolds
  A ball python (D:2)
  2 bats (D:2)
  5 goblins
  7 rats
53 creatures vanquished.

Notes
Turn   | Place    | Note
-------+----------+-------------------------------------------
     0 | D:1      | Drake the Deep Elf Conjurer began the quest for the Orb.
     0 | D:1      | Reached XP level 1. HP: 10/10 MP: 6/6
   210 | D:1      | Reached XP level 2. HP: 16/16 MP: 4/8
   894 | D:1      | Reached XP level 3. HP: 20/20 MP: 8/10
  1393 | D:2      | Reached skill level 1 in Fighting
  1931 | D:2      | Found a faded altar of an unknown god.
  1931 | D:2      | Found a radiant altar of Vehumet.
  1936 | D:2      | Found a faded altar of an unknown god.
  1938 | D:2      | Found a faded altar of an unknown god.
  1939 | D:2      | Found a faded altar of an unknown god.
  2102 | D:2      | Reached XP level 4. HP: 25/25 MP: 8/12
  2301 | D:2      | Learned a level 4 spell: Iskenderun's Mystic Blast
  2506 | D:3      | Noticed Drake's ghost (amateur DECj)
  2517 | D:3      | Killed from afar by Drake's ghost

Skill      XL: |  1  2  3 |
---------------+----------+-----
Fighting       | 1 |  1.1
Dodging        | 3 |  3.8
Spellcasting   | 4 |  4.3
Stealth        | |  2.4
Conjurations   | |  4.9

Action                   |  1- 3 |  4- 6 || total
-------------------------+-------+-------++-------
Melee: Hand axe          |     7 |     2 ||     9
 Cast: Magic Dart        |    96 |    30 ||   126
  Use: Potion            |     1 |     7 ||     8
       Scroll            |     4 |     1 ||     5
  Eat: Bread ration      |     1 |       ||     1
Armor: Robe              |     6 |       ||     6
       Leather armour    |       |     2 ||     2
Dodge: Dodged            |    13 |     5 ||    18
